Unix NetHack Version 5.0.0-0 post-release - last build May  4 2026 22:22:43 (774f63e81ad911689b3a0859ea89b322d5daca8d,branch:main).

Game began 2026-05-07 10:38:16, ended 2026-05-07 11:32:01.

Ergallo, lawful male human Samurai

     ----------                                           ----------------
     |.....`..|                                 -----     |..............|
    #..........############---------------      |....#####...............|
    #|........|           #|.............-#     |.%.|     |.>............|
    #----.-----           #|.............|#     |...|     -.--------------
    ###  #####           ##..............|###   --.--
      #      #           ##|.............|  #     #
      #      #           ##---------------  #     #
      #      ###         ##0                #     #
      #    ----.-----  ###                  ##    #
      #    |.........###                     ##   #
      #    |........|                         #   #
      #    |.)......|                         #---|-------
      #    ----------                         #|.........|
 -----#                                       #|.........+
 |...-@                                       #-........>|
 |.).|                                         |.........|
 |...|                                         |.........|
 -----                                         -----------

Ergallo the Hatamoto   St:13 Dx:14 Co:18 In:12 Wi:9 Ch:10  Lawful
Dlvl:2  $:0  HP:0(22) Pw:8(8) AC:3  Xp:2 T:1033 

Latest messages:
 As you read the scroll, it disappears.
 You are surrounded by darkness!
 What do you want to wear? [ep or ?*]
 You finish your dressing maneuver.
 What do you want to throw? [$cdghn or ?*]
 In what direction?
 Crash!
 It gets angry!
 What do you want to throw? [$cdghn or ?*]
 In what direction?
 A murky potion shatters!
 You smell a peculiar odor...
 It suddenly gets dark.
 You hear a nearby zap.
 The wand misses you.
 You hear a nearby zap.
 The wand hits you!
 What do you want to wear? [p or ?*]
 You are now wearing an ornamental cope.
 You hear a nearby zap.
 The wand misses you.
 You hear a nearby zap.
 You can see again.
 You hear a nearby zap.
 Rastegaisa strikes at your displaced image and misses you!
 Rastegaisa strikes at your displaced image and misses you!
 "Ergallo!  Don't you leave without paying!"
 You escaped the shop without paying!
 You stole 1958 zorkmids worth of merchandise.
 An alarm sounds!
 The Keystone Kops appear!
 You hear some noises.
 You hear some noises in the distance.
 You hit the Keystone Kop.
 You hit the Keystone Kop.
 The Keystone Kop strikes at your displaced image and misses you!
 The Keystone Kop misses!
 You hear some noises.
 You hear a nearby zap.
 The Keystone Kop is killed by the magic missile!
 The magic missile hits you!
 You hear the howling of the CwnAnnwn...
 You kill the Keystone Kop!
 You hear a nearby zap.
 The magic missile hits you!
 You die...
 Rastegaisa comes and takes all your possessions.
 Do you want to see what you had when you died? [ynq] (y)
 Do you want to see your attributes? [ynq] (y)
 Do you want an account of creatures vanquished? [ynaq] (y)

Inventory:
 Amulets  ('"')
  o - an uncursed amulet of life saving
 Weapons  (')')
  g - 9 +0 arrows
  h - 6 cursed +0 arrows
  d - 29 +0 ya
  c - a +0 yumi
  n - 4 +0 daggers
  a - a +0 katana (wielded in right hand)
  b - a blessed +0 wakizashi (wielded in left hand)
 Armor    ('[')
  p - a cursed +0 cloak of displacement (being worn)
  e - an uncursed rustproof +0 splint mail (being worn)
 Comestibles  ('%')
  k - an uncursed lembas wafer
 Rings    ('=')
  q - a cursed +1 ring of gain constitution
  u - an uncursed +2 ring of increase damage
  r - an uncursed ring of levitation
  v - a cursed ring of polymorph (on right hand)
  t - an uncursed ring of protection from shape changers

Ergallo the Samurai's attributes:

Background:
 You were a Hatamoto, a level 2 male human Samurai.
 You were lawful, on a mission for Amaterasu Omikami
 who was opposed by Raijin (neutral) and Susanowo (chaotic).
 You were right-handed.
 You were in the Dungeons of Doom, on level 2.
 You entered the dungeon 1033 turns ago.
 You had 31 experience points, 9 more were needed to attain level 3.

Basics:
 You had 0 out of 22 hit points.
 You had all 8 energy points (spell power).
 Your armor class was 3.
 Your wallet was empty.
 Autopickup was on for '$"?!=/' plus thrown.

Final Characteristics:
 Your strength was 13 (limit:18/100).
 Your dexterity was 14 (limit:18).
 Your constitution was 18 (limit:18).
 Your intelligence was 12 (limit:18).
 Your wisdom was 9 (limit:18).
 Your charisma was 10 (limit:18).

Final Status:
 You weren't hungry.
 You were unencumbered.
 You were wielding two weapons at once.
 You had basic skill with long sword and two weapons.
 You also had basic skill with short sword and two weapons.

Final Attributes:
 You were fervently aligned.
 You were level-drain resistant.
 You were displaced.
 You were warded.
 You were polymorphing periodically.
 You were a wererat.
 You were harmed by silver.
 You were fast.
 You are dead.

Miscellaneous:
 You didn't encounter any bones levels.
 Total elapsed playing time was 53 minutes and 16 seconds.

Major events:
 Turn
    1: Ergallo the lawful male human Samurai entered the dungeon
  239: attained the rank of Ronin (level 3)
  442: entered the Gnomish Mines
 1031: stole 1958 zorkmids worth of merchandise from Rastegaisa's jewelers
 1033: killed by a magic missile zapped by a shopkeeper

You didn't know any spells.

Skills:
 Fighting Skills
   martial arts      [Basic]
   two weapon combat [Basic]
   riding            [Unskilled]
 Weapon Skills
   dagger            [Unskilled]
   knife             [Unskilled]
   short sword       [Basic]
   broadsword        [Unskilled]
   long sword        [Basic]
   two-handed sword  [Unskilled]
   saber             [Unskilled]
   flail             [Unskilled]
   quarterstaff      [Unskilled]
   polearms          [Unskilled]
   spear             [Unskilled]
   lance             [Unskilled]
   bow               [Basic]
   shuriken          [Unskilled]
 Spellcasting Skills
   attack spells     [Unskilled]
   divination spells [Unskilled]
   clerical spells   [Unskilled]

Voluntary challenges:
 Character rerolling was not enabled.
 You never genocided any monsters.
 You never polymorphed an object.
 You used no wishes.
Achievements:
 You attained the rank of Ronin.
 You entered the Gnomish Mines.
 You entered a shop.

 The Dungeons of Doom: levels 1 to 3
    Level 1:
       A fountain.
    Level 2: <- You were here.
       A ring shop.
       Stairs down to The Gnomish Mines.
       Final resting place for
          you, killed by a magic missile zapped by a shopkeeper.
    Level 3:
       A fountain.
 The Gnomish Mines:
    Level 3:


Vanquished creatures:
  5 fog clouds
  a shrieker
  a little dog
  a floating eye
  a dwarf
  a Kop Sergeant
  a wererat
 an iguana
  a giant rat
  3 gnomes
  4 Keystone Kops
  a gnome zombie
  a gecko
  2 jackals
  a kobold
  2 grid bugs
  a lichen
  a newt
29 creatures vanquished.

No species were genocided or became extinct.

Game over:
                       ----------
                      /          \
                     /    REST    \
                    /      IN      \
                   /     PEACE      \
                  /                  \
                  |     Ergallo      |
                  |       0 Au       |
                  |   killed by a    |
                  |  magic missile   |
                  |   zapped by a    |
                  |    shopkeeper    |
                  |       2026       |
                 *|     *  *  *      | *
        _________)/\\_//(\/(/\)/\//\/|_)_______

Sayonara Ergallo the Samurai...

You died in The Dungeons of Doom on dungeon level 2 with 646 points,
and 0 pieces of gold, after 1033 moves.
You were level 2 with a maximum of 22 hit points when you died.

